[Event "Late-Titled-Tuesday-Blitz-January-23-2024"]
[Site "Chess.com"]
[Date "2024.01.23"]
[Round "3"]
[White "OparinGrigoriy"]
[Black "Ellaijio_B"]
[Result "1-0"]
[WhiteElo "3017"]
[BlackElo "2744"]
[TimeControl "180+1"]
[EndTime "14:27:26 PST"]
[Termination "OparinGrigoriy won on time"]

1. Nc3 c5 2. Nf3 a6 3. e4 b5 4. a4 b4 5. Ne2 Bb7 6. Ng3 h5 7.
h4 Nf6 8. Ng5 e6 9. Bc4 Nc6 10.
d3 Qc7 11. c3 Bd6 12. Ne2 O-O 13. Ba2 Be7 14. Ng3 d5 15. exd5 exd5 16. Nxh5 Rfe8 17. O-O Rad8 18. d4 cxd4 19. cxd4 Nxh5 20. Qxh5 Bxg5 21. Bxg5 Nxd4 22. Bxd8 Qxd8 23. Rfe1 b3 24. Qg4 bxa2 25. Qxd4 Rxe1+ 26. Rxe1 Qa5 27. Ra1 Bc6 28. Rxa2 Qe1+ 29. Kh2 Qb1 30. Ra3 Bd7 31. Rg3 g6 32. Qxd5 Be6 33. Qd4 Kh7 34. b4 Qf5 35. Rg5 Qc2 36. b5 axb5 37. axb5 Qc1 38. Re5 Qc7 39. g3 Qc2 40. b6 Bc8 41. Re8 1-0

[Event "Late-Titled-Tuesday-Blitz-January-23-2024"]
[Site "Chess.com"]
[Date "2024.01.23"]
[Round "3"]
[White "ImportedItalianMaple"]
[Black "IraZyne"]
[Result "1-0"]
[WhiteElo "2433"]
[BlackElo "2211"]
[TimeControl "180+1"]
[EndTime "14:27:28 PST"]
[Termination "ImportedItalianMaple won by resignation"]

1. e4 Nf6 2. e5 Nd5 3. d4 d6 4. Nf3 Bg4 5. Be2 c6 6. O-O Bxf3 7. Bxf3 dxe5 8. dxe5 e6 9. c4 Ne7 10. Qxd8+ Kxd8 11. Nc3 Ng6 12. Rd1+ Nd7 13. Ne4 Nxe5 14. Be2 Ke8 15. Bf4 Ng6 16. Bg3 e5 17. Bg4 Rd8 18. h4 f6 19. h5 Nf4 20. Bxf4 exf4 21.
h6 g6 22. Bxd7+ Rxd7 23. Nxf6+ Kf7 24. Nxd7 Be7 25. Re1 Rd8 26. Rad1 g5 27. Ne5+ Kf6 28. Ng4+ Kf7 29. Rxd8 Bxd8 30. Rd1 Ke8 31. Ne5 Bb6 32. Nf3 g4 33. Nd4 Kf7 34. b4 g3 35. c5 Bd8 36. fxg3 fxg3 37. Nf3 Be7 38. Rd7 Ke6 39. Rxb7 Bf6 40. Rxa7 Kd5 41. Rxh7 Bc3 42. Rd7+ Ke6 43. Rd3 Bxb4 44. h7 Bxc5+ 45. Kf1 1-0

[Event "Late-Titled-Tuesday-Blitz-January-23-2024"]
[Site "Chess.com"]
[Date "2024.01.23"]
[Round "3"]
[White "1mbl4"]
[Black "Sacbutt"]
[Result "1-0"]
[WhiteElo "2588"]
[BlackElo "2357"]
[TimeControl "180+1"]
[EndTime "14:27:29 PST"]
[Termination "1mbl4 won by resignation"]

1. e4 c5 2. d4 cxd4 3. c3 dxc3 4. Nxc3 Nc6 5. Nf3 d6 6. Bc4 a6 7. O-O Nf6 8. h3 e6 9. Qe2 Be7 10. Rd1 e5 11. Bg5 O-O 12. Rac1 Be6 13. Be3 Bxc4 14. Qxc4 Rc8 15. Qb3 b5 16. a4 Na5 17.
Qa2 b4 18. Nd5 Rxc1 19. Rxc1 b3 20. Qa3 Nxd5 21. exd5 Qb8 22. Nxe5 Rc8 23. Rxc8+ Qxc8 24. Qb4 Qc7 25. Nc6 Nxc6 26. Qc4 Bd8 27. dxc6 h6 28. Qxa6 d5 29. Qb7 Qd6 30. Qd7 Qb8 31. g3 f6 32. Bf4 Qb4 33. Qxd8+ 1-0

[Event "Late-Titled-Tuesday-Blitz-January-23-2024"]
[Site "Chess.com"]
[Date "2024.01.23"]
[Round "3"]
[White "stregachess"]
[Black "traviscottofficial"]
[Result "0-1"]
[WhiteElo "2095"]
[BlackElo "2545"]
[TimeControl "180+1"]
[EndTime "14:27:33 PST"]
[Termination "traviscottofficial won on time"]

1. d4 Nc6 2. Nf3 d6 3. Bf4 Bg4 4. Nbd2 Nf6 5. h3 Bh5 6. c3 Qd7 7. Qa4 e5 8. dxe5 Nxe5 9. Qxd7+ Nexd7 10. e3 O-O-O 11. g4 Bg6 12. Bg2 Nc5 13. O-O Nd3 14.
Bh2 Nxb2 15. a4 Be7 16. Nd4 Nd3 17. N2b3 Be4 18. f3 Bd5 19. Rfd1 Nb2 20. Rdb1 Bxb3 21. Nxb3 Nc4 22. Nd4 Nxe3 23. Bf4 Nxg2 24. Kxg2 Nd5 25. Bd2 Bf6 26. Rb5 c6 27. Rb3 Rhe8 28. Rab1 Bxd4 29. cxd4 Re2+ 30. Kg3 Rxd2 31. Rxb7 Nc3 32. Rb8+ Kd7 33. R1b7+ Ke8 34. Rxd8+ Kxd8 35. Rxf7 Ne2+ 36. Kh4 Nxd4 37.
Rxg7 Nxf3+ 38. Kg3 Rd3 39. Rxa7 Ng5+ 40. Kf4 Nxh3+ 41.
Kf5 h6 42. a5 Kc8 43. a6 Kb8 44. Rh7 Rd5+ 45. Ke6 Ng5+ 0-1

[Event "Late-Titled-Tuesday-Blitz-January-23-2024"]
[Site "Chess.com"]
[Date "2024.01.23"]
[Round "3"]
[White "AntonSmirnov"]
[Black "Lennis93"]
[Result "1-0"]
[WhiteElo "2987"]
[BlackElo "2727"]
[TimeControl "180+1"]
[EndTime "14:27:35 PST"]
[Termination "AntonSmirnov won on time"]

1. e4 c5 2. Nf3 Nc6 3. d4 cxd4 4. Nxd4 Qc7 5. Nc3 Nf6 6. Be3 e6 7. Nxc6 Qxc6 8. f3 a6 9. Qd2 b5 10. Bd3 Bb7 11. g4 b4 12. Ne2 d5 13. e5 Nd7 14. Nd4 Qc7 15. f4 Be7 16. g5 h6 17.
g6 Bh4+ 18. Ke2 Nc5 19. Qxb4 Rc8 20. gxf7+ Qxf7 21. Nf5 exf5 22. Bxc5 d4 23. Rhg1 Qd5 24.
Qa4+ Bc6 25. Qxd4 Qf3+ 26. Kd2 Rd8 27. Bd6 g5 28. Raf1 Qh3 29. fxg5 Bxg5+ 30. Rxg5 hxg5 31. Rxf5 Qxh2+ 32. Kc3 Qg3 33. e6 Rh7 34. Bxg3 1-0

[Event "Late-Titled-Tuesday-Blitz-January-23-2024"]
[Site "Chess.com"]
[Date "2024.01.23"]
[Round "3"]
[White "Nouali_Mohamed"]
[Black "js20000"]
[Result "0-1"]
[WhiteElo "2556"]
[BlackElo "2867"]
[TimeControl "180+1"]
[EndTime "14:27:35 PST"]
[Termination "js20000 won by checkmate"]

1. e4 Nc6 2. Nc3 e6 3. d4 Bb4 4. d5 Nce7 5. Qd4 Bxc3+ 6. Qxc3 Nf6 7. dxe6 fxe6 8. Bd3 d6 9. e5 Ned5 10. Qd4 c5 11. Qh4 dxe5 12. Bg5 Bd7 13. Nf3 Qa5+ 14. Bd2 Qc7 15. Bg6+ Ke7 16. Be4 Rae8 17. c4 Nf4 18. O-O h6 19. Bxf4 exf4 20. Bg6 Rd8 21. Rfe1 Be8 22. Ne5 Rd4 23. Qh3 Qb6 24. b3 Rg8 25.
Re2 Qd6 26. Rae1 Rd1 27. Bxe8 Rxe1+ 28. Rxe1 Rxe8 29. Qh4 Qd2 30. Nf3 Qd6 31. Ne5 Qd2 32. Nf3 Qxa2 33. Qxf4 Qa5 34. Ne5 Qxe1# 0-1

[Event "Late-Titled-Tuesday-Blitz-January-23-2024"]
[Site "Chess.com"]
[Date "2024.01.23"]
[Round "3"]
[White "masnyszachistaaa"]
[Black "Grischuk"]
[Result "0-1"]
[WhiteElo "2538"]
[BlackElo "3062"]
[TimeControl "180+1"]
[EndTime "14:27:36 PST"]
[Termination "Grischuk won by resignation"]

1. Nf3 d5 2. d4 Nf6 3. c4 c6 4. cxd5 cxd5 5. Nc3 Nc6 6. Bf4 Bf5 7. e3 e6 8. Qb3 Bb4 9. Ne5 Bxc3+ 10. Qxc3 Nxe5 11.
Bxe5 O-O 12. Bxf6 Qxf6 13. Bd3 Rac8 14. Qd2 Qg6 15. Bxf5 Qxf5 16. O-O Rc2 17. Qb4 b6 18. a4 h5 19. a5 bxa5 20. Rxa5 Rfc8 21. Rxa7 Rxf2 22. Qe1 Rxf1+ 23. Qxf1 Qxf1+ 24. Kxf1 Rb8 25. Ra2 Rb3 26. Kf2 g5 27. Kf3 Kg7 28. g3 Kg6 29. h4 f6 30. hxg5 fxg5 31. Ra6 Kf5 32. Ra8 g4+ 33.
Kf2 Rxb2+ 34. Kf1 Ke4 35. Re8 Kf3 36. Ke1 Re2+ 37. Kf1 Rxe3 38. Rh8 Rd3 39. Ke1 Rxd4 40. Rxh5 Kxg3 0-1

[Event "Late-Titled-Tuesday-Blitz-January-23-2024"]
[Site "Chess.com"]
[Date "2024.01.23"]
[Round "3"]
[White "BilodeauA"]
[Black "The_Machine04"]
[Result "1-0"]
[WhiteElo "2948"]
[BlackElo "2712"]
[TimeControl "180+1"]
[EndTime "14:27:37 PST"]
[Termination "BilodeauA won on time"]

1. e4 d6 2. Bc4 Nf6 3. d3 e5 4.
Bb3 Be7 5. Nf3 O-O 6. O-O c6 7. c3 Nbd7 8. Re1 h6 9. Nbd2 Re8 10. Nf1 Nf8 11. Ng3 Ng6 12. h3 Bf8 13. d4 a5 14.
a4 Be6 15. Bc2 Qc7 16. Be3 Rad8 17. Qd2 d5 18. exd5 Nxd5 19. Bxg6 Nxe3 20. Rxe3 exd4 21. Bxf7+ Qxf7 22. cxd4 Bb4 23. Qc2 Bd5 24. Ne5 Qf4 25. Rd1 c5 26. Nd3 Qg5 27. Rxe8+ Rxe8 28. dxc5 Bc6 29.
Nxb4 axb4 30. Qc4+ Kh7 31. Qxb4 Qf6 32. b3 Rf8 33.
Qd2 Rf7 34. Qc2+ Kh8 35. b4 1-0

[Event "Late-Titled-Tuesday-Blitz-January-23-2024"]
[Site "Chess.com"]
[Date "2024.01.23"]
[Round "3"]
[White "GMHess"]
[Black "FairChess_on_YouTube"]
[Result "0-1"]
[WhiteElo "2809"]
[BlackElo "3088"]
[TimeControl "180+1"]
[EndTime "14:27:42 PST"]
[Termination "FairChess_on_YouTube won by resignation"]

1. d4 d5 2. c4 dxc4 3. Nf3 a6 4. a4 Nc6 5. e4 Bg4 6. Bxc4 e6 7. Be3 Nf6 8. Nc3 Bb4 9. h3 Bh5 10. e5 Nd5 11.
Bxd5 Qxd5 12. O-O Bxc3 13. bxc3 Na5 14. g4 Bg6 15. Nd2 h5 16. f3 hxg4 17. hxg4 O-O-O 18. Kg2 f5 19. exf6 gxf6 20. Qe2 f5 21. Kg3 e5 22. f4 fxg4 23. Qxg4+ Kb8 24. fxe5 Rdg8 25. Bg5 Bh5 26. Qh4 Be2 27. Qf4 Bxf1 28. Rxf1 Rxg5+ 29. Qxg5 Rg8 30. Ne4 Rxg5+ 31. Nxg5 Nc4 32. Kh4 Qg2 33. Rf8+ Ka7 34. e6 Qh2+ 35. Kg4 Ne3+ 36. Kf3 Nd5 37. Ke4 Nxc3+ 38.
Kf5 Qf2+ 0-1

[Event "Late-Titled-Tuesday-Blitz-January-23-2024"]
[Site "Chess.com"]
[Date "2024.01.23"]
[Round "3"]
[White "Cubitas"]
[Black "GM_dmitrij"]
[Result "0-1"]
[WhiteElo "2728"]
[BlackElo "3008"]
[TimeControl "180+1"]
[EndTime "14:27:42 PST"]
[Termination "GM_dmitrij won by resignation"]

1. e4 e5 2. Nf3 Nc6 3. d4 exd4 4. Nxd4 Nf6 5. Nc3 Bb4 6. Nxc6 bxc6 7. Bd3 d5 8. exd5 O-O 9. O-O cxd5 10. Qf3 c6 11. h3 Re8 12. Bf4 Bd6 13. Rad1 Rb8 14. b3 Be6 15.
Ne2 Qc7 16. Bxd6 Qxd6 17. c4 a5 18. Nc3 h6 19. cxd5 cxd5 20. Nb5 Qb6 21. Nd4 Bd7 22.
Bf5 Bb5 23. Bd3 Bd7 24. Bf5 Bb5 25. Bd3 Bxd3 26. Rxd3 Re5 27. Nf5 Rbe8 28. Re3 Ne4 29. Rd1 Qg6 30. Nd4 Ng5 31. Qg3 Rxe3 32. fxe3 Qe4 33. Re1 Qd3 34. Kh2 Ne6 35. Qe5 Qc3 36. Qxd5 Qxe1 0-1

[Event "Late-Titled-Tuesday-Blitz-January-23-2024"]
[Site "Chess.com"]
[Date "2024.01.23"]
[Round "3"]
[White "iulik86"]
[Black "Andrii_Prydun"]
[Result "1-0"]
[WhiteElo "2598"]
[BlackElo "2394"]
[TimeControl "180+1"]
[EndTime "14:27:43 PST"]
[Termination "iulik86 won by resignation"]

1. e4 d5 2. exd5 Qxd5 3. Nc3 Qf5 4. g3 Nf6 5. Bg2 g6 6. Nf3 Bg7 7. O-O O-O 8. Re1 Re8 9. d4 c6 10. a4 a5 11. Nd2 Na6 12. Nc4 Nb4 13. Ne3 Qh5 14. Bf3 Qh3 15. Bg2 Qh5 16. Bf3 Qh3 17. Ne2 Ng4 18. Nf1 Nf6 19. Nf4 Qd7 20. c3 Nbd5 21.
Nd3 Qd8 22. Ne5 Bf5 23. Bg2 h5 24. h3 Rc8 25. Qb3 Rb8 26. Ne3 Nxe3 27. Nxf7 Qc8 28. Rxe3 Nd5 29. Ng5 Bh6 30. Re5 Bxg5 31. Bxg5 e6 32.
Rae1 b5 33. axb5 cxb5 34. Bxd5 exd5 35. Rxe8+ 1-0

[Event "Late-Titled-Tuesday-Blitz-January-23-2024"]
[Site "Chess.com"]
[Date "2024.01.23"]
[Round "3"]
[White "YurasovMat-2012"]
[Black "Bkmzzzzz"]
[Result "0-1"]
[WhiteElo "2585"]
[BlackElo "2419"]
[TimeControl "180+1"]
[EndTime "14:27:45 PST"]
[Termination "Bkmzzzzz won by resignation"]

1. e4 d6 2. d4 Nf6 3. Nc3 e5 4. Nf3 Nbd7 5. Bc4 Be7 6. O-O O-O 7. Qe2 c6 8. Rd1 b5 9. Bb3 Qc7 10. dxe5 dxe5 11. Nh4 Nc5 12. Nf5 Bxf5 13. exf5 a5 14. a4 Nxb3 15. cxb3 b4 16. Ne4 Nd5 17. Be3 Rfd8 18.
Qg4 f6 19. Rac1 Nxe3 20. fxe3 Qb6 21. Qf3 Rd5 22. Rxd5 cxd5 23. Ng5 e4 24. Nxe4 dxe4 25. Qxe4 Qa7 26. Rd1 Kf8 27. Rc1 Rd8 28. h4 Bc5 29. Kh2 Bxe3 30. Rc6 Bd4 31. Qc2 Be5+ 32. Kh1 Qd4 33.
Rc4 Qd1+ 0-1

[Event "Late-Titled-Tuesday-Blitz-January-23-2024"]
[Site "Chess.com"]
[Date "2024.01.23"]
[Round "3"]
[White "Inepton_Fermion"]
[Black "aghasiyevkamal"]
[Result "1-0"]
[WhiteElo "2458"]
[BlackElo "2624"]
[TimeControl "180+1"]
[EndTime "14:27:47 PST"]
[Termination "Inepton_Fermion won on time"]

1. e4 e5 2. Nf3 Nc6 3. Bc4 Bc5 4. c3 Nf6 5. d4 exd4 6. e5 d5 7.
Bb5 Ne4 8. cxd4 Bb6 9. Nc3 O-O 10. Be3 Bg4 11. h3 Bh5 12. Qc2 Ba5 13. O-O Bxf3 14. gxf3 Nxd4 15. Bxd4 Qg5+ 16. Kh1 Bxc3 17.
bxc3 Qf5 18. Kg2 Qg5+ 19. Kh1 Qf5 20. Rfc1 Qxh3+ 21. Kg1 Ng5 22. Be2 f6 23. Qb3 fxe5 24. Qxd5+ Kh8 25. Qxe5 Ne6 26. Qg3 Qh6 27. Be3 Nf4 28. Bxf4 Rxf4 29. Bd3 Raf8 30. Be4 c6 31. Rab1 Rh4 32. Kg2 Rh5 33. Rh1 g6 34. Rxh5 gxh5 35.
Qe5+ 1-0

[Event "Late-Titled-Tuesday-Blitz-January-23-2024"]
[Site "Chess.com"]
[Date "2024.01.23"]
[Round "3"]
[White "almaguerjm"]
[Black "R2D2PTY"]
[Result "1-0"]
[WhiteElo "2474"]
[BlackElo "2244"]
[TimeControl "180+1"]
[EndTime "14:27:49 PST"]
[Termination "almaguerjm won on time"]

1. e4 e5 2. Nf3 Nc6 3. Bc4 Bc5 4. c3 Nf6 5. d4 exd4 6. b4 Bb6 7.
e5 d5 8. exf6 dxc4 9. Qe2+ Be6 10. b5 Nb4 11. cxb4 Qxf6 12. Qe5 Qg6 13. O-O O-O-O 14.
a4 Bg4 15. Qg3 d3 16. a5 Bd4 17. Nxd4 Rxd4 18. Be3 Rd7 19. Nc3 h5 20. h3 Qh7 21.
a6 b6 22. Rfd1 Bxd1 23. Rxd1 f6 24. Qf3 Kd8 25. Qa8+ Ke7 26. Qxa7 Rhd8 27. Qb7 d2 28. a7 Qg8 29. Rxd2 Rxd2 30. Bxd2 Kf7 31. Qxc7+ Kg6 32.
Be3 Qe8 33. Qxb6 1-0

[Event "Late-Titled-Tuesday-Blitz-January-23-2024"]
[Site "Chess.com"]
[Date "2024.01.23"]
[Round "3"]
[White "Njal28"]
[Black "messiboca"]
[Result "1-0"]
[WhiteElo "3043"]
[BlackElo "2768"]
[TimeControl "180+1"]
[EndTime "14:27:53 PST"]
[Termination "Njal28 won by resignation"]

1. d4 Nf6 2. c4 e6 3. Nc3 Bb4 4. e3 O-O 5. a3 Bxc3+ 6. bxc3 c5 7. Ne2 Nc6 8. Ng3 b6 9. d5 Na5 10. e4 Ne8 11. Bd3 Ba6 12. Qe2 Nd6 13. e5 Ndxc4 14. Nh5 exd5 15. Nf6+ Qxf6 16. exf6 Rfe8 17. Be3 d4 18.
O-O g6 19. cxd4 cxd4 20. Qg4 dxe3 21. Qg5 Kh8 22. fxe3 Re5 23. Rf5 Rxf5 24. Bxf5 Rg8 25. Bd3 Nb3 26. Rf1 Nc5 27. Bxc4 Bxc4 28. Rf3 Ne6 29. Qh6 g5 30. e4 g4 31. Rc3 Rg6 32. Rxc4 1-0

[Event "Late-Titled-Tuesday-Blitz-January-23-2024"]
[Site "Chess.com"]
[Date "2024.01.23"]
[Round "3"]
[White "skoularikii"]
[Black "vladislavkovalev"]
[Result "0-1"]
[WhiteElo "2570"]
[BlackElo "2875"]
[TimeControl "180+1"]
[EndTime "14:27:53 PST"]
[Termination "vladislavkovalev won by resignation"]

1. e4 e5 2. Nf3 Nc6 3. Bb5 a6 4. Ba4 Nf6 5. d3 d6 6. Nc3 g6 7. Bxc6+ bxc6 8. d4 exd4 9. Nxd4 c5 10. Nc6 Qd7 11.
Na5 Bg7 12. O-O O-O 13. Re1 Re8 14. h3 Rb8 15. Qd3 d5 16. Bf4 dxe4 17. Nxe4 Nxe4 18.
Rxe4 Rxe4 19. Qxe4 Rb4 20. c4 Qe6 21. Qa8 Bxb2 22.
Rd1 Kg7 23. Rd8 Qe1+ 24. Kh2 Be5 25. Bxe5+ Qxe5+ 26. g3 Rb2 27. Qf3 Bf5 28. Nc6 Qe1 0-1

[Event "Late-Titled-Tuesday-Blitz-January-23-2024"]
[Site "Chess.com"]
[Date "2024.01.23"]
[Round "3"]
[White "ybothg"]
[Black "VladimirKramnik"]
[Result "0-1"]
[WhiteElo "2526"]
[BlackElo "2940"]
[TimeControl "180+1"]
[EndTime "14:27:53 PST"]
[Termination "VladimirKramnik won on time"]

1. d4 Nf6 2. Bg5 d5 3. Bxf6 gxf6 4. e3 c5 5. c4 cxd4 6. Qxd4 Nc6 7. Qxd5 Be6 8. Qb5 Bg7 9. Nc3 f5 10. Rd1 Qc8 11. Nf3 O-O 12. Be2 a6 13. Qb6 a5 14.
Nd5 Bxd5 15. cxd5 Nb4 16. O-O Nxa2 17. Nd4 Nb4 18. Bf3 Ra6 19. Qb5 Rh6 20. g3 b6 21.
Rc1 Qd8 22. Nxf5 Rf6 23. Nxg7 Kxg7 24. Bg2 Qd6 25. e4 Qe5 26. Rc3 Qd4 27. d6 Rxd6 28. Qg5+ Rg6 29. Qxe7 Nd3 30. Qc7 Nxb2 0-1

[Event "Late-Titled-Tuesday-Blitz-January-23-2024"]
[Site "Chess.com"]
[Date "2024.01.23"]
[Round "3"]
[White "egnfanclub"]
[Black "TV27"]
[Result "1-0"]
[WhiteElo "2362"]
[BlackElo "2188"]
[TimeControl "180+1"]
[EndTime "14:27:53 PST"]
[Termination "egnfanclub won by resignation"]

1. e4 c5 2. Nc3 Nc6 3. f4 g6 4. Nf3 Bg7 5. Bc4 e6 6. f5 gxf5 7. d3 Nd4 8. Nxd4 cxd4 9. Nb5 d5 10. exd5 exd5 11. Bxd5 Ne7 12. Bc4 a6 13. Na3 b5 14.
Bb3 Bb7 15. Qh5 Bd5 16. O-O Bxb3 17. axb3 O-O 18. Rf3 Nd5 19. Rh3 Nf6 20. Qxf5 Qe8 21. Bg5 Qe6 22. Qf3 Rae8 23. Rf1 Ng4 24. Rg3 Ne3 25. Re1 Qf5 26. Rxe3 Qxf3 27. Rexf3 Re2 28. Bh6 Rfe8 29. Bxg7 Re1+ 30. Rf1 Rxf1+ 31. Kxf1 Re3 32. Bh6+ Kh8 33. Bxe3 b4 34. Bxd4+ 1-0

[Event "Late-Titled-Tuesday-Blitz-January-23-2024"]
[Site "Chess.com"]
[Date "2024.01.23"]
[Round "3"]
[White "StellarChess"]
[Black "ukchessbomber"]
[Result "0-1"]
[WhiteElo "2482"]
[BlackElo "2697"]
[TimeControl "180+1"]
[EndTime "14:27:55 PST"]
[Termination "ukchessbomber won by resignation"]

1. d4 b5 2. Nf3 Bb7 3. g3 e6 4. Bg2 f5 5. O-O Nf6 6. Nbd2 Be7 7. a4 b4 8. c4 bxc3 9. bxc3 O-O 10. Rb1 Qc8 11. Qb3 Bc6 12. Ne5 Bxg2 13. Kxg2 d6 14. Nd3 Nc6 15. Qb7 Na5 16. Qxc8 Rfxc8 17. Nf4 e5 18.
dxe5 dxe5 19. Nd3 e4 20. Nf4 Rab8 21. Bb2 e3 22. fxe3 Ng4 23. Nd5 Bc5 24. h3 Nxe3+ 25. Nxe3 Bxe3 26. Nf3 Nc4 27. Ba1 Bc5 28. Rfd1 Ne3+ 29.
Kh2 Nxd1 30. Rxd1 Rd8 31. Rf1 Re8 32. Re1 Bf2 33. Rf1 Rxe2 34. Nh4 g6 35. Kg2 Bd4+ 36.
Kf3 Re3+ 37. Kf4 Re4+ 38. Kf3 Bf6 39. Ng2 Rb3 40. Rc1 Rxa4 41. Nf4 Ra2 42. Nd5 Be5 43.
Re1 c6 44. Ne7+ Kf7 45. Nxc6 Bxc3 46. Nd8+ Kg8 47. Re8+ Kg7 48. Bxc3+ Rxc3+ 49. Kf4 Ra4+ 0-1

[Event "Late-Titled-Tuesday-Blitz-January-23-2024"]
[Site "Chess.com"]
[Date "2024.01.23"]
[Round "3"]
[White "DanylaBagrov"]
[Black "GoValya"]
[Result "1-0"]
[WhiteElo "2523"]
[BlackElo "2293"]
[TimeControl "180+1"]
[EndTime "14:27:55 PST"]
[Termination "DanylaBagrov won by checkmate"]

1. d4 g6 2. Bf4 Bg7 3. e3 d5 4. h3 c6 5. Nf3 Nf6 6. c4 Bf5 7. Nc3 O-O 8. Qb3 dxc4 9. Qxb7 Nbd7 10. Bxc4 Nb6 11. Bb3 Nfd5 12. Nxd5 cxd5 13. O-O Bd3 14.
Rfc1 Bc4 15. Bxc4 dxc4 16. a4 Qc8 17. Qxe7 Nd5 18. Qe4 Nb4 19. Nd2 Re8 20. Qf3 Nd3 21.
Rxc4 Qa6 22. Qc6 Qxc6 23. Rxc6 Nxf4 24. exf4 Bxd4 25. Nf3 Bxb2 26. Rb1 Re2 27. Rc7 a5 28. Rd1 Ba3 29. Rdd7 Rf8 30. Ne5 Re4 31. Nxf7 Rxf7 32. Rxf7 Rxa4 33. Rg7+ Kh8 34. Rxh7+ Kg8 35. Rhg7+ Kf8 36.
Rxg6 Rxf4 37. Ra6 Bb4 38. Ra8# 1-0

[Event "Late-Titled-Tuesday-Blitz-January-23-2024"]
[Site "Chess.com"]
[Date "2024.01.23"]
[Round "3"]
[White "IranianCheetah"]
[Black "PNEPaul"]
[Result "1-0"]
[WhiteElo "2349"]
[BlackElo "1899"]
[TimeControl "180+1"]
[EndTime "14:27:55 PST"]
[Termination "IranianCheetah won on time"]

1. e4 e5 2. Nf3 Nc6 3. Bb5 f5 4. d3 Nf6 5. Nc3 Be7 6. O-O O-O 7.
Bg5 d6 8. Bxf6 Bxf6 9. h3 h6 10. a4 f4 11. Nd5 g5 12. Bc4 Kg7 13. c3 Be6 14. Nxf6 Qxf6 15. Bxe6 Qxe6 16. d4 Qg6 17. dxe5 dxe5 18. Re1 h5 19. Qd5 Qf6 20. Rad1 Rad8 21. Qb5 g4 22. hxg4 hxg4 23. Nh2 Rxd1 24. Rxd1 Rd8 25.
Rxd8 Qxd8 26. Qxb7 g3 27. Qxc6 gxh2+ 28. Kxh2 Qe7 29. Kg1 Qd8 30. Qd5 1-0

[Event "Late-Titled-Tuesday-Blitz-January-23-2024"]
[Site "Chess.com"]
[Date "2024.01.23"]
[Round "3"]
[White "svilson23"]
[Black "el008"]
[Result "0-1"]
[WhiteElo "2240"]
[BlackElo "2467"]
[TimeControl "180+1"]
[EndTime "14:27:56 PST"]
[Termination "el008 won on time"]

1. d4 e6 2. e4 d5 3. exd5 exd5 4.
Nf3 Bd6 5. c4 dxc4 6. Bxc4 Ne7 7. h3 h6 8. O-O a6 9. Re1 b5 10. Bb3 O-O 11. a4 Bb7 12. axb5 axb5 13. Rxa8 Bxa8 14.
Nc3 b4 15. Ne4 Bd5 16. Nxd6 Qxd6 17. Bxd5 Nxd5 18. Nd2 Nc6 19. Nc4 Qg6 20. Qf3 Rd8 21.
Be3 Qc2 22. Rc1 Qd3 23. Qd1 Qg6 24. Qc2 Qe6 25. Qb3 Nf6 26. Nd2 Nd5 27. Nc4 Ra8 28. Ne5 Nxe5 29. dxe5 Qxe5 30. Rc5 Ra1+ 31. Rc1 Rxc1+ 32.
Bxc1 c6 33. Bd2 c5 34. Qc4 Nb6 35. Qb5 Qd6 36. Qe8+ Kh7 37. Qe4+ g6 38. Qe8 Qd7 39. Qe3 Nc4 40. Qxh6+ Kg8 41. Bg5 Qd6 0-1

[Event "Late-Titled-Tuesday-Blitz-January-23-2024"]
[Site "Chess.com"]
[Date "2024.01.23"]
[Round "3"]
[White "KVAIDAN"]
[Black "SmirnovTimofey2000"]
[Result "0-1"]
[WhiteElo "2344"]
[BlackElo "1970"]
[TimeControl "180+1"]
[EndTime "14:27:56 PST"]
[Termination "SmirnovTimofey2000 won on time"]

1. f4 d5 2. Nf3 c6 3. e3 g6 4. b3 Bg7 5. Bb2 Bxb2 6. Nc3 Bxa1 7. Qxa1 f6 8. Ne2 Bg4 9. h4 Nd7 10. h5 Bxh5 11. Ng3 Bxf3 12. gxf3 Qc7 13. Bd3 f5 14. e4 Ngf6 15. exf5 Qxf4 16. Kf2 Ne5 17. fxg6 O-O-O 18. g7 Qxf3+ 19. Ke1 Nxd3+ 20. cxd3 Qxg3+ 21. Kd1 Qf3+ 22. Kc2 Rhg8 0-1

[Event "Late-Titled-Tuesday-Blitz-January-23-2024"]
[Site "Chess.com"]
[Date "2024.01.23"]
[Round "3"]
[White "StankovicIvan"]
[Black "Chemim21"]
[Result "1-0"]
[WhiteElo "2548"]
[BlackElo "2240"]
[TimeControl "180+1"]
[EndTime "14:27:57 PST"]
[Termination "StankovicIvan won on time"]

1. e4 e5 2. d4 exd4 3. Qxd4 Nc6 4. Qe3 Nf6 5. Nc3 Bb4 6. Bd2 O-O 7. O-O-O Re8 8. f3 d5 9. Qf2 dxe4 10. Bg5 Qe7 11.
Nd5 Nxd5 12. Bxe7 e3 13. Qh4 Bd2+ 14. Kb1 Ndxe7 15. g4 Ng6 16. Qg3 Be6 17. a3 Rac8 18. h4 Nge7 19. h5 Nd5 20. h6 g6 21. Bd3 Rcd8 22.
Ne2 a6 23. f4 Bc8 24. f5 b5 25. Rhf1 b4 26. a4 a5 27. Bc4 Bb7 28. fxg6 1-0

[Event "Late-Titled-Tuesday-Blitz-January-23-2024"]
[Site "Chess.com"]
[Date "2024.01.23"]
[Round "3"]
[White "smotherhubbard"]
[Black "arenal72"]
[Result "0-1"]
[WhiteElo "2332"]
[BlackElo "2570"]
[TimeControl "180+1"]
[EndTime "14:27:59 PST"]
[Termination "arenal72 won by checkmate"]

1. d4 d6 2. e4 Nf6 3. Nc3 e5 4. Nf3 exd4 5. Nxd4 Be7 6. Bc4 O-O 7. O-O c6 8. a4 d5 9. exd5 cxd5 10. Bd3 Nc6 11.
Be3 Bg4 12. Qd2 Bb4 13. h3 Bh5 14. Bg5 Nxd4 15. Bxh7+ Kxh7 16. Qxd4 Bxc3 17. Qxc3 Ne4 18. Bxd8 Nxc3 19. Be7 Rfe8 20. Bc5 Ne4 21. Bd4 a6 22. f3 Ng3 23. Rfd1 Bg6 24. Bf2 Ne2+ 25. Kh2 Rad8 26. c3 Nf4 27. Rd4 Nd3 28. Bg3 Nxb2 29. Ra2 Nc4 30. h4 f6 31. Bf2 Bf7 32. g4 Rd7 33. Kg3 Rde7 34. a5 Re2 35. Ra4 Rc2 36. Rd3 Ree2 37. Bd4 g5 38. hxg5 fxg5 39. f4 Rg2+ 40.
Kh3 gxf4 41. Kh4 Kg6 42. g5 Be6 43. Rb4 Rh2+ 44. Rh3 Rxh3# 0-1

[Event "Late-Titled-Tuesday-Blitz-January-23-2024"]
[Site "Chess.com"]
[Date "2024.01.23"]
[Round "3"]
[White "guillembaches"]
[Black "Zhigalko_Sergei"]
[Result "0-1"]
[WhiteElo "2527"]
[BlackElo "2970"]
[TimeControl "180+1"]
[EndTime "14:28:01 PST"]
[Termination "Zhigalko_Sergei won by resignation"]

1. d4 Nf6 2. Nf3 e6 3. Bg5 h6 4. Bh4 b6 5. Nbd2 Bb7 6. e3 Be7 7. Bd3 d6 8. Bxf6 Bxf6 9. c3 c5 10.
Qe2 a6 11. O-O-O Nc6 12. Kb1 Qc7 13. h4 b5 14. Ne4 Be7 15. g4 O-O-O 16. g5 c4 17. Bc2 b4 18. Qd2 Qb6 19. Ba4 Na5 20. Qc2 Kb8 21. cxb4 Qxb4 22. Nfd2 hxg5 23. hxg5 Rxh1 24.
Rxh1 c3 25. Rc1 cxd2 26. Qc7+ Ka7 27. Nxd2 Qxa4 28. Qxe7 Rd7 29. Qe8 Qb5 30. a4 Qxa4 31. Rc7 Qd1+ 32. Ka2 Rxc7 33. Qa8+ Bxa8 0-1

[Event "Late-Titled-Tuesday-Blitz-January-23-2024"]
[Site "Chess.com"]
[Date "2024.01.23"]
[Round "3"]
[White "Doomfist26"]
[Black "Carlitus2004"]
[Result "1-0"]
[WhiteElo "2601"]
[BlackElo "2411"]
[TimeControl "180+1"]
[EndTime "14:28:02 PST"]
[Termination "Doomfist26 won on time"]

1. e4 Nc6 2. d4 d5 3. e5 Bf5 4.
Nf3 e6 5. Be2 h6 6. O-O Nge7 7.
Nbd2 g5 8. Nb3 Bg7 9. Ne1 O-O 10. f4 gxf4 11. Bxf4 Ng6 12. Be3 Be4 13. Nc5 b6 14. Nxe4 dxe4 15. Bh5 Nce7 16. Qg4 Qd5 17. c4 Qxc4 18. Qxe4 Qd5 19. Bxg6 fxg6 20. Qg4 Kh7 21. Nf3 Nf5 22. Bf2 Rad8 23. Rac1 Rd7 24. Qh3 Kg8 25. b3 Rc8 26. Rc4 c5 27. dxc5 bxc5 28. Re1 Rdd8 29. Qg4 Kh7 30. h3 a6 31. Qf4 Rf8 32. Qc1 Ne7 33. Rxc5 Rxc5 34. Qxc5 Qd7 35. Qd6 Rd8 36. Rd1 Qxd6 37. exd6 Nf5 38. d7 Ne7 39. Bb6 1-0